 Dungeon Crawl Stone Soup version 0.18-a0-641-g4caf58e (webtiles) character file.

1198 Proton the Shield-Bearer (level 8, -10/64 HPs)
             Began as a Formicid Fighter on Dec 5, 2015.
             Was a Follower of Cheibriados.
             Mangled by Menkaure (20 damage)
             ... on level 5 of the Dungeon.
             The game lasted 00:07:41 (4285 turns).

Proton the Shield-Bearer (Formicid Fighter)         Turns: 4285, Time: 00:07:41

Health: -10/64     AC: 11    Str: 26    XL:     8   Next: 72%
Magic:  9/9        EV:  9    Int:  9    God:    Cheibriados [*.....]
Gold:   219        SH: 11    Dex: 12    Spells: 0 memorised, 7 levels left

rFire  . . .     SeeInvis +     a - +0 war axe
rCold  + . .     Clarity  .     w - +0 chain mail
rNeg   . . .     SustAt   .     c - +0 shield
rPois  .         Gourm    .     (helmet unavailable)
rElec  .         Spirit   .     (no cloak)
rCorr  .         Dismiss  .     (no gloves)
rMut   .         Stasis   +     u - +0 pair of boots
MR     .....                    (no amulet)
Stlth  ..........               (no ring)
                                y - ring of protection from cold

@: very slow, not resistant to hostile enchantments, extremely unstealthy
A: permanent stasis, dig shafts and tunnels, four strong arms, antennae 3
a: Dig, Shaft Self, Bend Time, Renounce Religion


You were on level 5 of the Dungeon.
You worshipped Cheibriados.
Cheibriados was aware of your devotion.
You were near starving.

You visited 2 branches of the dungeon, and saw 6 of its levels.

You collected 219 gold pieces.

Inventory:

Hand Weapons
 a - a +0 war axe (weapon)
Armour
 c - a +0 shield (worn)
 u - a +0 pair of boots (worn)
 w - a +0 chain mail (worn)
Jewellery
 y - a ring of protection from cold (left hand)
Wands
 e - a wand of flame (15)
 r - a wand of confusion (18)
 B - a wand of disintegration (10)
Scrolls
 f - 2 scrolls of enchant armour {unknown}
 g - 4 scrolls of fog {unknown}
 j - 5 scrolls of remove curse {unknown}
 k - 2 scrolls of noise {unknown}
 m - 2 scrolls of random uselessness {unknown}
 n - a scroll of enchant weapon {unknown}
 o - a scroll of teleportation {unknown}
 p - a scroll of magic mapping {unknown}
 s - 5 scrolls of identify {unknown}
 E - a scroll of immolation {unknown}
Potions
 b - 2 potions of invisibility {unknown}
 d - a potion of might
 i - 5 potions of lignification {unknown}
 l - a potion of heal wounds {unknown}
 q - a potion of poison {unknown}
 t - 2 potions of agility {unknown}
 v - a potion of flight {unknown}
 A - 2 potions of degeneration {unknown}
 C - a potion of cure mutation {unknown}
 D - a potion of curing {unknown}
Comestibles
 h - a fruit
 x - a royal jelly
 z - 2 meat rations


   Skills:
 + Level 5.9 Fighting
 + Level 4.6 Axes
 + Level 5.7 Armour
 + Level 3.7 Dodging
 + Level 6.1 Shields
 + Level 1.9 Invocations


You had 7 spell levels left.
You didn't know any spells.

Dungeon Overview and Level Annotations

Branches:
Dungeon (5/15)             Temple (1/1) D:4

Altars:
Ashenzari
Cheibriados
Dithmenos
Elyvilon
Fedhas
Gozag
Kikubaaqudgha
Makhleb
Nemelex Xobeh
Pakellas
Qazlal
Sif Muna
Trog
Vehumet
Xom
Yredelemnul
Zin
The Shining One

Annotations:
D:5 Menkaure


Innate Abilities, Weirdness & Mutations

You are under a permanent stasis effect.
You can dig through walls and to a lower floor.
Your four strong arms can wield two-handed weapons with a shield.
You have a pair of large antennae on your head (SInv).


Message History

The scorpion is heavily wounded.
Menkaure sighs a few words.
You block Menkaure's attack. You block the scorpion's attack.
You barely miss Menkaure.
Menkaure is lightly damaged.
You hit the scorpion.
The scorpion is severely wounded.
You block Menkaure's attack. The scorpion barely misses you.
Menkaure casts a spell at you. Pain shoots through your body!
* * * LOW HITPOINT WARNING * * *
The scorpion stings you but does no damage.
You hit Menkaure.
Menkaure is moderately damaged.
You hit the scorpion.
The scorpion is almost dead.
Menkaure hits you!
* * * LOW HITPOINT WARNING * * *
The scorpion barely misses you. Menkaure hits you!!
You die...

#..#### ..
.....# ##.#
#....# ##...
#....# ....
#####....## ##
...#
#.....#...##....
#..
#......Ms.......
###.
#......#@###.#
#..<
#......#.#...#
#..#.
#......$...# #.
#. #......#.###
# #..
#......#.## .#.#
#.........# ..#
#......##....#
#... ####.#.#
.#... #.## #...#
.#.## .###.#.##


You could see Menkaure and a scorpion.

Vanquished Creatures
  Grinder (D:4)
  Edmund (D:5)
  2 ogres (D:4)
  A phantom (D:4)
  An ice beast (D:5)
  An orc priest (D:3)
  2 centaur skeletons (D:5)
  A giant frog skeleton (D:5)
  Ijyb (D:3)
  A hound (D:5)
  4 orc wizards
  Jessica (D:3)
  8 gnolls
  6 adders
  2 oozes (D:1)
  A worm (D:4)
  A giant gecko (D:4)
  15 orcs
  9 bats
  4 giant cockroaches
  7 hobgoblins
  11 kobolds
  2 quokkas (D:4)
  A giant gecko skeleton (D:4)
  7 giant newts
  9 goblins
  8 rats
108 creatures vanquished.

Notes
Turn   | Place    | Note
--------------------------------------------------------------
     0 | D:1      | Proton the Formicid Fighter began the quest for the Orb.
     0 | D:1      | Reached XP level 1. HP: 18/18 MP: 1/1
    21 | D:1      | Reached XP level 2. HP: 10/24 MP: 2/2
   277 | D:1      | Reached XP level 3. HP: 27/29 MP: 3/3
   411 | D:1      | Reached skill level 1 in Dodging
   874 | D:2      | Reached XP level 4. HP: 24/37 MP: 4/4
   915 | D:2      | Reached skill level 4 in Fighting
   974 | D:2      | Found a shadowy altar of Dithmenos.
   975 | D:2      | Found a deep blue altar of Sif Muna.
   978 | D:2      | Found a stormy altar of Qazlal.
  1416 | D:3      | Noticed Jessica
  1417 | D:3      | Noticed Ijyb
  1420 | D:3      | Killed Jessica
  1420 | D:3      | Reached XP level 5. HP: 29/42 MP: 5/5
  1698 | D:3      | Killed Ijyb
  1924 | D:3      | Found a faded altar to an unknown god.
  2009 | D:3      | Reached XP level 6. HP: 27/49 MP: 6/6
  2629 | D:3      | Found a shimmering altar of Xom.
  2860 | D:4      | Reached skill level 5 in Shields
  2860 | D:4      | Reached XP level 7. HP: 25/55 MP: 7/7
  3114 | D:4      | Reached skill level 5 in Fighting
  3149 | D:4      | Found a staircase to the Ecumenical Temple.
  3157 | Temple   | Entered the Ecumenical Temple
  3400 | Temple   | Became a worshipper of Cheibriados the Contemplative
  3439 | D:4      | Noticed Grinder
  3481 | D:4      | Killed Grinder
  3481 | D:4      | Reached skill level 5 in Armour
  3481 | D:4      | Reached XP level 8. HP: 31/62 MP: 8/8
  4140 | D:5      | Entered Level 5 of the Dungeon
  4149 | D:5      | Reached skill level 1 in Invocations
  4227 | D:5      | Noticed Edmund
  4231 | D:5      | Reached * piety under Cheibriados
  4243 | D:5      | Killed Edmund
  4243 | D:5      | Reached skill level 6 in Shields
  4278 | D:5      | Noticed Menkaure
  4285 | D:5      | Mangled by Menkaure

Vault maps used:
D:1:      saegor_arrival_under_anarchy, minmay_distorted
D:2:      minitemple
D:3:      tgw_xom, ecumenical_altar_2, uniq_jessica, uniq_iyjb
D:4:      minmay_temple_entry_statues_fountains, uniq_grinder
D:5:      first_bread, uniq_blork_the_orc, uniq_menkaure, uniq_edmund
Temple:   minmay_temple_curvy_14

Action                   |  1- 3 |  4- 6 |  7- 9 || total
-------------------------+-------+-------+-------++-------
Melee: War axe           |    80 |   176 |   117 ||   373
  Eat: Bread ration      |       |     1 |       ||     1
       Meat ration       |       |     1 |       ||     1
       Fruit             |       |     1 |       ||     1
